 Seeded DCSS version 0.28.0-47-ge53b351184 (webtiles) character file.

Game seed: 523019199727972820 (custom seed)

4369 thiscave3701365 the Cleaver (level 10, -7/91 HPs)
             Began as a Minotaur Berserker on May 9, 2022.
             Was a Priest of Trog.
             Mangled by a 13-headed hydra (13 damage)
             ... on level 8 of the Dungeon.
             The game lasted 00:08:13 (10605 turns).

thiscave3701365 the Cleaver (Minotaur Berserker)   Turns: 10605, Time: 00:08:13

Health: -7/91      AC: 18    Str: 26    XL:     10   Next: 13%
Magic:  9/9        EV:  6    Int:  4    God:    Trog [***...]
Gold:   453        SH:  0    Dex: 10    Spells: 9/9 levels left

rFire   . . .      SeeInvis .   a - +0 hand axe
rCold   . . .      Faith    .   (no shield)
rNeg    . . .      Spirit   .   y - +0 crystal plate armour
rPois   .          Reflect  .   (helmet restricted)
rElec   .          Harm     .   (no cloak)
rCorr   .          Rampage  .   (no gloves)
Will    .....                   (no boots)
Stlth   ..........              w - amulet of regeneration
HPRegen 1.05/turn               (no ring)
MPRegen 0.11/turn               (no ring)

@: on berserk cooldown, slowed, very slow
A: horns 2, retaliatory headbutt
a: Renounce Religion, Berserk, Trog's Hand


You were on level 8 of the Dungeon.
You worshipped Trog.
Trog was most pleased with you.
You visited 1 branch of the dungeon, and saw 8 of its levels.

You collected 453 gold pieces.

Inventory:

Hand Weapons
 a - a +0 hand axe (weapon)
Missiles
 j - 2 throwing nets
Armour
 i - a +0 tower shield
 y - a +0 crystal plate armour (worn)
Jewellery
 w - an amulet of regeneration (around neck)
Wands
 u - a wand of paralysis (9)
 x - a wand of flame (23)
Scrolls
 b - a scroll of acquirement {unknown}
 c - 2 scrolls of fog {unknown}
 e - 4 scrolls of teleportation {unknown}
 k - a scroll of fear {unknown}
 l - 10 scrolls of identify {unknown}
 m - a scroll of amnesia {unknown}
 n - 3 scrolls of blinking {unknown}
 o - 2 scrolls of vulnerability {unknown}
 v - 3 scrolls of summoning {unknown}
Potions
 d - a potion of curing {unknown}
 f - a potion of berserk rage {unknown}
 g - a potion of resistance {unknown}
 h - a potion of mutation {unknown}
 p - 2 potions of invisibility {unknown}
 q - 2 potions of might {unknown}
 r - a potion of cancellation {unknown}
 s - a potion of heal wounds {unknown}
 t - a potion of lignification {unknown}


   Skills:
 + Level 9.2 Fighting
 + Level 11.8 Axes
 + Level 7.1 Armour
 + Level 6.1 Dodging
 + Level 3.6 Stealth
 + Level 0.4 Unarmed Combat


You had 9 spell levels left.
You didn't know any spells.
Your spell library was empty.

Dungeon Overview and Level Annotations

Branches:
Dungeon (8/15)             Temple (0/1) D:4
   Lair: D:8-11

Altars:
Ashenzari
Nemelex Xobeh

Shops:
D:7 *

Annotations:
D:3 3 runed translucent doors, Zeld's ghost, weakling HOMo


Innate Abilities, Weirdness & Mutations

You have a pair of horns on your head.
You reflexively headbutt those who attack you in melee.


Message History

The ten-headed hydra grows two more!
You hit the 12-headed hydra. You headbutt the 12-headed hydra!
The 12-headed hydra is heavily wounded.
Unknown command.
You chop one of the 12-headed hydra's heads off!
The 11-headed hydra grows two more!
You slash the 13-headed hydra!
The 13-headed hydra is heavily wounded.
The 13-headed hydra bites you but does no damage.
The 13-headed hydra bites you.
The 13-headed hydra bites you but does no damage. x4
The 13-headed hydra bites you!
* * * LOW HITPOINT WARNING * * *
The 13-headed hydra bites you but does no damage.
The 13-headed hydra bites you!
* * * LOW HITPOINT WARNING * * *
The 13-headed hydra bites you but does no damage. x3
The 13-headed hydra closely misses you.
You feel a strong urge to attack something.
You feel your anger nearly subside.
You are no longer berserk.
You are exhausted.
You feel yourself slow down. The 13-headed hydra bites you!
* * * LOW HITPOINT WARNING * * *
The 13-headed hydra bites you but does no damage.
The 13-headed hydra completely misses you.
The 13-headed hydra bites you but does no damage. x2
The 13-headed hydra barely misses you.
The 13-headed hydra bites you but does no damage.
The 13-headed hydra completely misses you. x2
The 13-headed hydra bites you!
* * * LOW HITPOINT WARNING * * *
The 13-headed hydra closely misses you.
The 13-headed hydra bites you but does no damage.
The 13-headed hydra bites you.
* * * LOW HITPOINT WARNING * * *
You hit the 13-headed hydra. You headbutt the 13-headed hydra!
The 13-headed hydra is heavily wounded.
The 13-headed hydra bites you but does no damage. x2
The 13-headed hydra bites you!
You die...

##.....#..# #
#.........### #
#.#####.#...# # #.#
#.#.#.## # #.# #.#.#..#
###.# #:..##.# ....#
###..#.### ##[.#
#..#...# ##..# #..###@#
....## #..# #D# ###..#
#.## ##.# #..## #.#
##..## ####.#### ##..##
........########
##..#######
######....)....#
##.......#
###.......#####.......#


You could see a 13-headed hydra.

Vanquished Creatures
  A two-headed ogre (D:8)
  Grinder (D:5)
  4 yaks (D:8)
  A steam dragon (D:6)
  Menkaure (D:5)
  2 orc warriors
  A black bear (D:8)
  A sky beast (D:7)
  A necrophage (D:6)
  4 ogres
  A centaur (D:8)
  A phantom (D:4)
  2 kobold brigands
  A bullfrog (D:7)
  A wyvern zombie (D:6)
  4 scorpions
  A wyvern skeleton (D:6)
  9 wights
  A howler monkey (D:4)
  A centaur zombie (D:6)
  2 orc priests
  2 gnoll shamans
  A jelly (D:6)
  3 hounds
  5 iguanas
  Ijyb (D:4)
  7 orc wizards
  A hound zombie (D:5)
  A hound skeleton (D:4)
  6 gnolls
  8 adders
  A white imp (D:7)
  An ufetubus (D:5)
  An adder skeleton (D:4)
  3 worms
  A dart slug (D:4)
  22 orcs
  12 endoplasms
  3 giant cockroaches
  4 goblins
  5 hobgoblins
  6 quokkas
  8 ball pythons
  6 bats
  A frilled lizard (D:1)
  15 kobolds
  8 rats
173 creatures vanquished.

Vanquished Creatures (others)
  4 plants (D:5)
4 creatures vanquished.

Grand Total: 177 creatures vanquished

Notes
Turn   | Place    | Note
-------+----------+-------------------------------------------
     0 | D:1      | thiscave3701365 the Minotaur Berserker began the quest for
                  | the Orb.
     0 | D:1      | Reached XP level 1. HP: 19/19 MP: 0/0
   307 | D:1      | Reached skill level 4 in Axes
   307 | D:1      | Reached XP level 2. HP: 26/27 MP: 1/1
   846 | D:1      | Found a faded altar of an unknown god.
  1293 | D:2      | Reached XP level 3. HP: 11/33 MP: 2/2
  2222 | D:2      | Found a broken altar of Ashenzari.
  2728 | D:3      | Reached XP level 4. HP: 36/41 MP: 3/3
  2986 | D:3      | Found a runed translucent gate.
  3012 | D:3      | Found a runed translucent gate.
  3012 | D:3      | Found a runed translucent gate.
  3045 | D:3      | Noticed Zeld's ghost (weakling HOMo)
  3092 | D:3      | Reached ** piety under Trog
  3731 | D:4      | Reached skill level 5 in Axes
  3734 | D:4      | Reached skill level 1 in Stealth
  3734 | D:4      | Reached XP level 5. HP: 24/47 MP: 4/4
  4064 | D:4      | Reached skill level 5 in Fighting
  4094 | D:4      | Noticed a phantom
  4107 | D:4      | Killed a phantom
  4108 | D:4      | Reached skill level 6 in Axes
  4372 | D:4      | Noticed Ijyb
  4386 | D:4      | Killed Ijyb
  4387 | D:4      | Reached XP level 6. HP: 48/56 MP: 5/5
  4661 | D:4      | Found a staircase to the Ecumenical Temple.
  5615 | D:4      | Reached XP level 7. HP: 63/63 MP: 6/6
  5729 | D:5      | Entered Level 5 of the Dungeon
  5729 | D:5      | Noticed Menkaure
  6206 | D:5      | Killed Menkaure
  6207 | D:5      | Reached skill level 7 in Axes
  6785 | D:5      | Noticed Grinder
  6796 | D:5      | Killed Grinder
  6797 | D:5      | Reached skill level 8 in Axes
  6797 | D:5      | Reached skill level 5 in Dodging
  6797 | D:5      | Reached XP level 8. HP: 71/71 MP: 7/7
  8049 | D:6      | Reached skill level 9 in Axes
  8763 | D:7      | Reached XP level 9. HP: 80/80 MP: 8/8
  9059 | D:7      | Found Poej's Elemental Accessories.
  9097 | D:7      | Found a sparkling altar of Nemelex Xobeh.
  9277 | D:7      | Reached skill level 10 in Axes
  9458 | D:7      | Reached skill level 5 in Armour
  9692 | D:8      | Reached skill level 11 in Axes
 10080 | D:8      | Reached *** piety under Trog
 10093 | D:8      | HP: 4/83 [gnoll/+0 vorpal spear (4)]
 10099 | D:8      | HP: 4/83 [gnoll/+0 vorpal spear (3)]
 10461 | D:8      | Noticed a two-headed ogre
 10469 | D:8      | Killed a two-headed ogre
 10470 | D:8      | Reached XP level 10. HP: 91/91 MP: 9/9
 10584 | D:8      | Noticed a seven-headed hydra
 10605 | D:8      | Mangled by a 13-headed hydra

Illustrated notes

Levels and vault maps discovered:
D:1:      minmay_arrival_floating_metal, layout_loops_corners,
          shapermc_ecumenical_altar_notcrosses, minivault_11
D:2:      layout_basic, basic_altar
D:3:      layout_basic, gammafunk_ghost_icy
D:4:      minmay_chambers_of_twos, layout_loops_cross,
          minmay_temple_entry_fiery, minmay_fractal_squares_5, uniq_ijyb
D:5:      layout_rooms, serial_bayou_lagoon_a, uniq_grinder, uniq_menkaure
D:6:      layout_loops_ring, grunt_decor_fettered, kennysheep_small_circle
D:7:      layout_loops_ring, mainiacjoe_overflow_small_starburst,
          nicolae_elemental_shop
D:8:      layout_rooms

Skill      XL: |  1  2  3  4  5  6  7  8  9 |
---------------+----------------------------+-----
Axes           | 4 5 6 8 9 11 | 11.8
Fighting       | 4 5 6 7 9 |  9.2
Stealth        | 1 2 3 |  3.6
Dodging        | 3 5 6 |  6.1
Armour         | 3 7 |  7.1
Unarmed Combat | |  0.4

Action                   |  1- 3 |  4- 6 |  7- 9 | 10-12 || total
-------------------------+-------+-------+-------+-------++-------
Melee: Hand axe          |    61 |   137 |   299 |     8 ||   505
       Headbutt          |     6 |    16 |    60 |     3 ||    85
       Punch             |     2 |     2 |     6 |       ||    10
       Unarmed           |       |     4 |       |       ||     4
Invok: Berserk           |     1 |     6 |    14 |     1 ||    22
       Trog's Hand       |       |       |     1 |       ||     1
 Stab: Sleeping          |       |     2 |     2 |       ||     4
       Distracted        |       |     1 |       |       ||     1
Armor: Animal skin       |    11 |    11 |     6 |       ||    28
       Crystal plate arm |       |       |   130 |    37 ||   167
       Chain mail        |       |       |    10 |       ||    10
Dodge: Dodged            |    28 |    61 |    94 |    11 ||   194
